 Dungeon Crawl Stone Soup version 0.31.0-10-gcf4a605ca0 (webtiles) character file.

Game seed: 6704580030495742785

242599 Zeia the Eclecticist (level 20, -21/175 HPs)
             Began as a Djinni Ice Elementalist on Jan 24, 2024.
             Was the Champion of Ashenzari.
             Killed from afar by an ironbound thunderhulk (47 damage)
             ... with a bolt of lightning
             ... on level 1 of the Vaults on Jan 25, 2024.
             The game lasted 04:10:49 (44195 turns).

Zeia the Eclecticist (Djinni Ice Elementalist)     Turns: 44195, Time: 04:10:50

Health: -21/175    AC: 28    Str: 11    XL:     20   Next: 17%
Gold:   1620       EV:  9    Int: 32    God:    Ashenzari [******] SH:  9 Dex: 22

rFire   + + +        H - +11 falchion of Curses and Power {freeze, ^Drain rN+ Will+ Dex+2, Fort, Self} (curse)
rCold   . . .        R - +1 buckler of Ashenzari's Fetters {reflect, Self, Comp} (curse)
rNeg    + . .        Z - +2 plate armour of Ouranomancy {rF+ rC+ Str+4 Slay+5, Self, Cun} (curse)
rPois   ∞            O - +2 hat "Eternal Together" {Will+, Elem, Self} (curse)
rElec   .            p - +2 cloak "Share My Anxiety" {Will+, Bglg, Self} (curse)
rCorr   .            M - +2 pair of gloves "Lashed Together" {Dex+6, Bglg, Fort} (curse)
SInv    +            (boots unavailable)
Will    +++++        j - amulet of the Manifest Welkin {Regen+, Self, Melee} (curse) Stlth
                     Q - ring of the Bound Foul Odours {Slay+4, Elem, Cun} (curse)
HPRegen 1.29/turn    Y - ring of Supernal Understanding {Int+6, Melee, Self} (curse)
MPRegen 0.00/turn

%: reflection, clarity, infuse magic (-22 HP)
@: death channelling, flying
A: sickness immunity, fire resistance 2, cold vulnerability 1, float, innate
caster, HP casting, extra vitality 1
}: 2/15 runes: serpentine, barnacled
a: Renounce Religion, Shatter the Chains


You were on level 1 of the Vaults.
You worshipped Ashenzari.
Ashenzari was exalted by your worship.
You visited 8 branches of the dungeon, and saw 33 of its levels.
You also visited: Gauntlet.

You collected 3616 gold pieces.
You spent 1996 gold pieces at shops.

Inventory:

Hand Weapons
 m - a +1 double sword of chaos
 H - the cursed +11 falchion of Curses and Power (weapon) {freeze, ^Drain rN+ Will+ Dex+2, Fort, Self}
   (You found it on level 2 of the Lair of Beasts)

   Dex+2:     It affects your dexterity (+2).
   rN+:       It protects you from negative energy.
   Will+:     It increases your willpower.
   ^Drain:    It drains your maximum health when unequipped.
   It has a curse which improves the following skills: Fortitude: Armour and
   Shields.
   Introspection: Fighting and Spellcasting.
 X - the +7 falchion of the Final Decision {speed, *Corrode rC++ Dex+5}
   (You found it in a Gauntlet)

   Dex+5:     It affects your dexterity (+5).
   rC++:      It greatly protects you from cold.
   *Corrode:  It may corrode you when you take damage.
Armour
 e - a +0 kite shield of positive energy
 h - a +1 ring mail of cold resistance
 p - the cursed +2 cloak "Share My Anxiety" (worn) {Will+, Bglg, Self}
   (You found it in a Gauntlet)

   It has a curse which improves the following skills: Beguiling: Hexes and
   Translocations.
   Introspection: Fighting and Spellcasting.
 u - a +0 tower shield
 L - the +3 ring mail of the Iron Devil {Fly rC+++ Str-5 Int-3}
   (You found it on level 3 of the Lair of Beasts)

   Str-5:     It affects your strength (-5).
   Int-3:     It affects your intelligence (-3).
   rC+++:     It renders you almost immune to cold.
   Fly:       It grants you flight.
 M - the cursed +2 pair of gloves "Lashed Together" (worn) {Dex+6, Bglg, Fort}
   (You found it on level 3 of the Lair of Beasts)

   Dex+6:     It affects your dexterity (+6).
   It has a curse which improves the following skills: Beguiling: Hexes and
   Translocations.
   Fortitude: Armour and Shields.
 O - the cursed +2 hat "Eternal Together" (worn) {Will+, Elem, Self}
   (You found it in a Gauntlet)

   It has a curse which improves the following skills: Elements: Fire Magic, Ice
   Magic, Air Magic and Earth Magic.
   Introspection: Fighting and Spellcasting.
 R - the cursed +1 buckler of Ashenzari's Fetters (worn) {reflect, Self, Comp}
   (You found it in a Gauntlet)

   It has a curse which improves the following skills: Introspection: Fighting
   and Spellcasting.
   Companions: Summonings and Necromancy.
 Z - the cursed +2 plate armour of Ouranomancy (worn) {rF+ rC+ Str+4 Slay+5, Self, Cun}
   (You bought it in a shop on level 2 of the Snake Pit)

   Str+4:     It affects your strength (+4).
   Slay+5:    It affects your accuracy & damage with ranged weapons and melee
   (+5).
   rF+:       It protects you from fire.
   rC+:       It protects you from cold.
   It has a curse which improves the following skills: Introspection: Fighting
   and Spellcasting.
   Cunning:   Dodging and Stealth.
Magical Staves
 v - a staff of death
Jewellery
 j - the cursed amulet of the Manifest Welkin (around neck) {Regen+, Self, Melee}
   (You found it on level 13 of the Dungeon)

   [amulet of regeneration]

   Regen+:    It increases your rate of health regeneration.
   It has a curse which improves the following skills: Introspection: Fighting
   and Spellcasting.
   Melee Combat: Short Blades, Long Blades, Axes, Maces & Flails, Polearms,
   Staves and Unarmed Combat.
 y - a +6 ring of strength
 A - a ring of resist corrosion
 B - a +6 ring of intelligence
 Q - the cursed ring of the Bound Foul Odours (left hand) {Slay+4, Elem, Cun}
   (You found it on level 3 of the Lair of Beasts)

   [ring of slaying]

   Slay+4:    It affects your accuracy & damage with ranged weapons and melee
   (+4).
   It has a curse which improves the following skills: Elements: Fire Magic, Ice
   Magic, Air Magic and Earth Magic.
   Cunning:   Dodging and Stealth.
 Y - the cursed ring of Supernal Understanding (right hand) {Int+6, Melee, Self}
   (You found it on level 10 of the Dungeon)

   [ring of intelligence]

   Int+6:     It affects your intelligence (+6).
   It has a curse which improves the following skills: Melee Combat: Short
   Blades, Long Blades, Axes, Maces & Flails, Polearms, Staves and Unarmed
   Combat.
   Introspection: Fighting and Spellcasting.
Wands
 k - a wand of paralysis (31)
 C - a wand of quicksilver (20)
 F - a wand of roots (38)
 G - a wand of mindburst (16)
 N - a wand of digging (7)
Scrolls
 a - 7 scrolls of fear
 b - 3 scrolls of enchant armour
 r - 4 scrolls of vulnerability
 s - 2 scrolls of blinking
 w - a scroll of immolation
 x - 3 scrolls of silence
 D - 2 scrolls of summoning
 I - 20 scrolls of teleportation
 T - 3 scrolls of enchant weapon
 U - 3 scrolls of poison
 V - 4 scrolls of fog
Potions
 c - 5 potions of invisibility
 f - 20 potions of curing
 g - 4 potions of berserk rage
 i - 7 potions of mutation
 l - 4 potions of haste
 n - 3 potions of cancellation
 o - 9 potions of heal wounds
 q - 4 potions of degeneration
 t - 8 potions of attraction
 z - 2 potions of resistance
 J - 3 potions of might
 K - 5 potions of enlightenment
 P - 2 potions of brilliance
Miscellaneous
 S - a phantom mirror
 W - a sack of spiders


   Skills:
 + Level 16.7(24.9) Fighting
 - Level 11.4(15.0) Long Blades
 - Level 12.6(16.2) Armour
 + Level 11.2(14.8) Dodging
 - Level 1.5(3.9) Stealth
 - Level 7.0(10.7) Shields
 + Level 17.9(26.1) Spellcasting
 + Level 17.9 Conjurations
 + Level 17.9(21.3) Hexes
 + Level 17.9(20.2) Summonings
 + Level 17.9(20.2) Necromancy
 + Level 17.9(21.3) Translocations
 + Level 17.9(21.3) Fire Magic
 + Level 17.9(21.3) Ice Magic
 + Level 17.9(21.3) Air Magic
 + Level 17.9(21.3) Earth Magic
 + Level 17.9 Alchemy


You knew the following spells:

 Your Spells              Type           Power      Damage    Failure   Level
a - Freeze                Ice            100%       1d10      0%          1
b - Frozen Ramparts       Ice            100%       1d16      0%          3
c - Ozocubu's Armour      Ice            100%       N/A       0%          3
d - Summon Ice Beast      Ice/Summ       100%       N/A       1%          3
e - Slow                  Hex            100%       N/A       0%          1
f - Mercury Vapours       Alch/Air       100%       N/A       0%          2
g - Call Canine Familiar  Summ           100%       N/A       1%          3
h - Summon Blazeheart Go  Fire/Summ      100%       N/A       1%          4
i - Curse of Agony        Necr           100%       N/A       1%          5
j - Lee's Rapid Deconstr  Erth           54%        3d25*     1%          5
k - Summon Cactus Giant   Summ           53%        N/A       1%          6
l - Death Channel         Necr           53%        N/A       1%          6
m - Ozocubu's Refrigerat  Ice            54%        4d19      4%          7
Your spell library was empty.

Dungeon Overview and Level Annotations

Branches:
Dungeon (15/15)            Temple (1/1) D:6            Lair (5/5) D:8
 Shoals (4/4) Lair:3        Snake (4/4) Lair:2        Slime (0/5) Lair:5
    Orc (2/2) D:10            Elf (0/3) Orc:2        Vaults (1/5) D:13
 Depths (1/4) D:15        Gauntlet (visited)

Altars:
Ashenzari
Cheibriados
Dithmenos
Elyvilon
Fedhas
Gozag
Hepliaklqana
Makhleb
Nemelex Xobeh
Okawaru
Qazlal
Ru
Trog
Uskayaw
Wu Jian
Xom
Yredelemnul
Zin
The Shining One

Shops:
D:9 :   D:12 *   D:13 [   D:14 ?   D:15 !   Orc:2 [:?   Shoals:2 (   Shoals:3 :
Snake:2 (*:!   Snake:4 [

Portals:
Trove: D:13 (give 6 potions of haste)

Annotations:
D:4 3 runed translucent doors, exclusion: downstairs, Palms's ghost, weakling FoDe; Patrick2011b's ghost, novice KoHs; sasquatch's ghost, amateur FoFi; unrecovered's ghost, novice GrFi
D:15 exclusion: downstairs
Shoals:2 1 runed translucent door, royokou's ghost, adept GrEE
Shoals:3 exclusions: downstairs and kraken
Shoals:4 Ilsuiw; Nikola
Depths:1 Sojobo


Innate Abilities, Weirdness & Mutations

You are immune to sickness and miasma.
You are immune to poison.
Your flesh is very heat resistant. (rF++)
You are vulnerable to cold. (rC-)
You float through the air rather than walking.
You learn spells naturally, not from books.
Your magical power is your life essence.
You have superior vitality. (+4 MHP)


Message History

The ironbound preserver begins to accept its allies' injuries.
Strange energies crackle from the ironbound thunderhulk's apparatus.
The ironbound thunderhulk blinks!
There is an open door here.
Strange energies crackle from the ironbound thunderhulk's apparatus.
The ironbound thunderhulk blinks!
You reach down and close the door.
Casting: Summon Ice Beast (safe; 1% risk of failure)
Confirm with . or Enter, or press ? or * to list all spells.
You swap places.
A deep troll opens the door.
A vault sentinel comes into view. It is wielding a +0 war axe.
You reach down and open the door.
The deep troll is struck by your cactus giant's spines.
The deep troll bites your cactus giant!!
The deep troll claws your cactus giant! The deep troll claws your cactus giant.
Your cactus giant hits the deep troll with a +0 giant spiked club!
The ironbound thunderhulk is struck by your cactus giant's spines.
The ironbound thunderhulk hits your cactus giant with a +0 dire flail!
The deep troll is struck by your cactus giant's spines.
The deep troll bites your cactus giant!
The deep troll claws your cactus giant! x2
Your ice beast hits the ironbound thunderhulk.
Your ice beast freezes the ironbound thunderhulk!!
There is an open door here.
Strange energies crackle from the ironbound thunderhulk's apparatus.
The ironbound thunderhulk blinks!
Something bites your cactus giant! Something claws your cactus giant!
Something barely misses your cactus giant.
Electricity crackles from the ironbound thunderhulk's apparatus.
The bolt of lightning hits you!!!
* * * LOW HITPOINT WARNING * * *
The deep troll is struck by your cactus giant's spines.
The deep troll bites your cactus giant!!
The deep troll claws your cactus giant!
Your cactus giant is destroyed!
Your cactus giant disappears in a puff of smoke!
There is an open door here.
Electricity crackles from the ironbound thunderhulk's apparatus.
The bolt of lightning hits you!!!
You die...

,........................,,,,
,........................,,,,,
,........................,,,,,,
,...#####)#######p#######******
,,,,* #[....###.## ,,,,*
#.....##...# ,,,,*
##.....###p######### ,,,,*
#.......'...§.O....# ,,,,*
#......@##.##TJ..O.# ,,,,*
##.......#####{{..Y.# ,,,,*
#.........# #.{....# ,,,,*
#.....∩...# #...{{.# ,,,,*
#.........# #....{.# ,,,,*
########### *######{#****
,,,,********* *,,,,{{{{T,,∆
,,,,*,,,,{,,* *,,,,,{{{...,
,,,,*,{,{{,,* *,,,,,{......


You could see an ironbound thunderhulk and a vault sentinel.

Vanquished Creatures
  Vashnia (Snake:2)
  Mlioglotl (Snake:1)
  Frances (D:14)
  Roxanne (Shoals:2)
  4 nagarajas (Snake:4)
  A frost giant (D:15)
  An ironbound preserver (Vaults:1)
  A minotaur (Gauntlet)
  A fire dragon (Depths:1)
  2 merfolk impalers (Shoals:4)
  4 merfolk javelineers (Shoals:4)
  A salamander tyrant (Snake:4)
  Harold (Lair:1)
  2 ogre magi (Orc:2)
  A hydra (Lair:3)
  2 vault guards (D:13)
  2 merfolk avatars
  3 centaur warriors
  3 two-headed ogres (Orc:2)
  2 catoblepae (Lair:5)
  A tengu warrior (D:13)
  6 anacondas
  A merfolk aquamancer (Shoals:4)
  A boulder beetle (D:15)
  A satyr (Shoals:3)
  5 death yaks
  An occultist (D:15)
  4 naga warriors
  6 naga sharpshooters
  2 fire crabs
  20 sea snakes
  2 deep trolls (Vaults:1)
  3 mana vipers
  An arcanist (D:13)
  A necromancer (Orc:1)
  7 harpies
  3 naga ritualists (Snake:4)
  4 orc knights
  6 ugly things (D:15)
  5 fauns
  3 orc sorcerers (Orc:2)
  12 salamanders
  A deep elf pyromancer (D:13)
  An oklob plant (Lair:5)
  8 manticores
  A moth of wrath (Gauntlet)
  7 elephants
  3 water nymphs
  6 naga magi
  3 centaur zombies (D:11)
  2 kobold blastminers (Orc:1)
  14 black mambas
  4 guardian serpents (Snake:4)
  Maggie (D:9)
  2 merfolk sirens
  2 gargoyles
  13 cane toads
  A torpor snail (Lair:5)
  A rime drake (Lair:5)
  10 komodo dragons
  A kobold demonologist (D:12)
  An efreet (D:13)
  2 tengu conjurers (D:13)
  4 trolls
  A polar bear (Lair:3)
  9 merfolk
  4 wind drakes (Shoals:3)
  2 hornets (Gauntlet)
  2 snapping turtles (Shoals:4)
  2 blink frogs (Lair:2)
  An ettin zombie (Orc:1)
  2 slime creatures (D:13)
  39 yaks
  2 vampires
  A spriggan (Lair:3)
  3 wraiths
  3 water elementals
  4 fire bats (Gauntlet)
  3 basilisks
  6 humans (D:13)
  4 wyverns
  7 wargs
  A steam dragon (D:7)
  9 vampire mosquitoes
  19 nagas
  8 water moccasins
  3 hell hounds (Gauntlet)
  3 black bears
  12 orc warriors
  A sky beast (D:7)
  A laughing skull (D:15)
  4 ogres
  4 centaurs
  20 wolves
  A phantom (D:4)
  A kobold brigand (D:9)
  11 bullfrogs
  3 scorpions
  6 wights (D:9)
  5 killer bees
  The ghost of RancidPinata the Sneak, a weakling GrDe (D:6)
  An electric eel (Snake:4)
  2 jellies (D:5)
  3 hounds
  A warg simulacrum (Orc:1)
  8 orc priests
  Natasha (twice) (D:3)
  A sleepcap (D:7)
  8 iguanas
  18 orc wizards
  7 hell rats (Lair:2)
  8 gnolls
  10 adders
  3 orc skeletons (Orc:1)
  A shadow imp (D:6)
  4 dart slugs
  A ribbon worm (D:2)
  60 orcs
  10 endoplasms
  5 giant cockroaches
  21 goblins
  11 hobgoblins
  9 jackals
  A quokka (D:2)
  6 ball pythons
  6 bats
  4 frilled lizards
  13 kobolds
  10 rats
660 creatures vanquished.

Vanquished Creatures (collateral kills)
  Rupert (Snake:1)
  Asterion (Snake:1)
  Agnes (Snake:2)
  Polyphemus (Shoals:2)
  2 nagarajas (Snake:4)
  Louise (Shoals:2)
  A stone giant (Depths:1)
  7 merfolk impalers (Shoals:4)
  3 merfolk javelineers
  A hydra (Lair:4)
  A vault guard (D:13)
  A merfolk avatar (Shoals:3)
  A boulder beetle (D:11)
  A rakshasa (D:14)
  3 catoblepae
  2 ogre magi (Orc:2)
  7 anacondas
  A two-headed ogre (Orc:2)
  An alligator snapping turtle (Shoals:4)
  2 merfolk aquamancers
  3 death yaks
  3 centaur warriors (D:15)
  11 naga warriors
  2 satyrs (Shoals:3)
  2 tengu warriors (D:15)
  8 naga sharpshooters
  A fire crab (Shoals:1)
  4 salamander mystics
  8 sea snakes
  A deep troll (Vaults:1)
  4 naga ritualists
  2 mana vipers
  2 arcanists (D:13)
  A lindwurm (Lair:2)
  An orc knight (Orc:2)
  2 deep elf pyromancers
  5 necromancers
  4 orc sorcerers (Orc:2)
  7 harpies (Shoals:4)
  12 ugly things
  5 cyclopes
  5 fauns
  8 manticores
  6 salamanders
  4 elephants
  13 black mambas
  2 water nymphs
  4 centaur zombies (D:11)
  7 merfolk sirens
  17 naga magi
  Joseph (D:9)
  A torpor snail (Lair:5)
  8 guardian serpents
  2 kobold demonologists (D:12)
  4 cane toads
  Jeremiah (Lair:1)
  An unseen horror (D:11)
  A rime drake (Lair:5)
  4 komodo dragons
  17 merfolk
  A polar bear (Lair:4)
  4 trolls
  2 wind drakes (Shoals:3)
  A hornet (D:9)
  4 snapping turtles
  A blink frog (Lair:2)
  4 dream sheep (Shoals:4)
  7 slime creatures
  An ettin skeleton (Orc:1)
  2 wyverns
  4 water elementals
  3 vampires (D:11)
  A wraith (D:11)
  A basilisk (D:8)
  14 yaks
  11 humans (D:13)
  A warg (Orc:2)
  3 fire bats
  3 vampire mosquitoes (D:12)
  33 nagas
  A black bear (Lair:3)
  13 orc warriors
  A laughing skull (D:15)
  3 centaurs
  4 wolves
  7 ogres
  A kobold zombie (Orc:1)
  4 bullfrogs
  A kobold brigand (D:12)
  Blork the orc (D:4)
  2 gnoll sergeants
  A scorpion (D:7)
  2 wights (D:9)
  3 killer bees
  2 electric eels (Lair:4)
  A gnoll bouda (D:5)
  5 orc priests
  A sleepcap (D:8)
  An iguana (D:6)
  9 orc wizards
  A nameless horror (Shoals:4)
  An ogre zombie (Orc:1)
  Robin (D:4)
  6 gnolls
  An adder (D:6)
  An orc skeleton (Orc:1)
  A shadow imp (D:7)
  A white imp (D:8)
  29 orcs
  4 goblins (D:4)
  2 kobolds (D:12)
445 creatures vanquished.

Vanquished Creatures (others)
  A naga (Snake:3)
  3 orc wizards (Orc:2)
  An orc (Orc:2)
  4 blazeheart cores
9 creatures vanquished.

Grand Total: 1114 creatures vanquished

Notes
Turn   | Place    | Note
-------+----------+-------------------------------------------
     0 | D:1      | Zeia the Djinni Ice Elementalist began the quest for the
                  | Orb.
     0 | D:1      | Zeia set off with the following spells memorised: Freeze,
                  | Frozen Ramparts, Ozocubu's Armour, Summon Ice Beast.
     0 | D:1      | Reached XP level 1. HP: 15/15 MP: 0/0
    75 | D:1      | Reached XP level 2. HP: 3/21 MP: 0/0
   208 | D:1      | Found a faded altar of an unknown god.
   459 | D:1      | Reached XP level 3. HP: 24/25 MP: 0/0
   459 | D:1      | Learned a level 1 spell: Slow
   911 | D:2      | Identified the +4 robe "Xuxkytot" {Will+}
   994 | D:2      | Reached XP level 4. HP: 30/31 MP: 0/0
  1607 | D:2      | Reached skill level 1 in Fighting
  1667 | D:2      | Reached XP level 5. HP: 35/37 MP: 0/0
  1667 | D:2      | Learned a level 2 spell: Mercury Vapours
  2295 | D:3      | Noticed Natasha
  2303 | D:3      | Killed Natasha
  2513 | D:3      | Noticed Natasha
  2519 | D:3      | Killed Natasha
  2520 | D:3      | Reached XP level 6. HP: 39/43 MP: 0/0
  2709 | D:4      | Reached skill level 5 in Spellcasting
  2709 | D:4      | Reached skill level 5 in Conjurations
  2709 | D:4      | Reached skill level 5 in Hexes
  2709 | D:4      | Reached skill level 5 in Summonings
  2709 | D:4      | Reached skill level 5 in Necromancy
  2709 | D:4      | Reached skill level 5 in Translocations
  2709 | D:4      | Reached skill level 5 in Fire Magic
  2709 | D:4      | Reached skill level 5 in Ice Magic
  2709 | D:4      | Reached skill level 5 in Air Magic
  2709 | D:4      | Reached skill level 5 in Earth Magic
  2709 | D:4      | Reached skill level 5 in Alchemy
  2960 | D:4      | Reached XP level 7. HP: 38/49 MP: 0/0
  2960 | D:4      | Learned a level 3 spell: Call Canine Familiar
  3004 | D:4      | Noticed Robin
  3015 | D:4      | Killed Robin
  3427 | D:4      | Found a runed translucent gate.
  3427 | D:4      | Found a runed translucent gate.
  3427 | D:4      | Found a runed translucent gate.
  3428 | D:4      | Noticed sasquatch's ghost (amateur FoFi)
  3429 | D:4      | Noticed unrecovered's ghost (novice GrFi)
  3429 | D:4      | Noticed Palms's ghost (weakling FoDe)
  3429 | D:4      | Noticed Patrick2011b's ghost (novice KoHs)
  3452 | D:4      | Noticed Blork the orc
  3459 | D:4      | Killed Blork the orc
  4027 | D:5      | Entered Level 5 of the Dungeon
  4116 | D:5      | Reached skill level 5 in Dodging
  4206 | D:5      | Reached XP level 8. HP: 47/58 MP: 0/0
  4882 | D:5      | Reached skill level 5 in Fighting
  6040 | D:6      | Reached XP level 9. HP: 63/66 MP: 0/0
  6040 | D:6      | Learned a level 4 spell: Summon Blazeheart Golem
  6337 | D:6      | Found a staircase to the Ecumenical Temple.
  6484 | Temple   | Entered the Ecumenical Temple
  6499 | Temple   | Became a worshipper of Ashenzari the Shackled
  6655 | D:6      | Found a runed translucent door.
  6660 | D:6      | Noticed RancidPinata's ghost (weakling GrDe)
  6858 | D:6      | Killed RancidPinata's ghost
  7179 | D:7      | Found a bloodstained altar of Trog.
  7775 | D:7      | Identified a scroll of acquirement
  7775 | D:7      | Acquired 488 gold pieces
  8042 | D:7      | Reached XP level 10. HP: 71/76 MP: 0/0
  8920 | D:8      | Found a sparkling altar of Nemelex Xobeh.
  8946 | D:8      | Reached * piety under Ashenzari
  9004 | D:8      | Found a staircase to the Lair.
  9004 | D:8      | Noticed an elephant
  9033 | D:8      | Killed an elephant
  9486 | D:8      | Identified the Information on Toxicity and Arcane Combat
                  | (You found it on level 5 of the Dungeon)
  9584 | D:5      | Identified the Information on Toxicity and Arcane Combat
                  | (You found it on level 5 of the Dungeon)
  9790 | Lair:1   | Entered Level 1 of the Lair of Beasts
  9790 | Lair:1   | Noticed a komodo dragon
  9790 | Lair:1   | Noticed a cane toad
  9796 | Lair:1   | Killed a komodo dragon
  9805 | Lair:1   | Killed a cane toad
  9833 | Lair:1   | Noticed a komodo dragon
  9851 | Lair:1   | Killed a komodo dragon
 10004 | Lair:1   | Noticed a cane toad
 10013 | Lair:1   | Killed a cane toad
 10014 | Lair:1   | Reached XP level 11. HP: 81/84 MP: 0/0
 10014 | Lair:1   | Learned a level 5 spell: Curse of Agony
 10262 | Lair:1   | Reached ** piety under Ashenzari
 10277 | Lair:1   | Noticed Jeremiah
 10323 | Lair:1   | Killed Jeremiah
 10729 | Lair:1   | Reached skill level 10 in Fighting
 10949 | Lair:1   | Noticed Harold
 10978 | Lair:1   | Killed Harold
 11817 | Lair:2   | Identified the +11 falchion "Dafilu" {freeze, ^Drain rN+
                  | Will+ Dex+2}
 11838 | Lair:2   | Reached *** piety under Ashenzari
 11895 | Lair:2   | Noticed a lindwurm
 11901 | Lair:2   | Killed a lindwurm
 12095 | Lair:2   | Reached skill level 1 in Long Blades
 12204 | Lair:2   | Noticed an elephant
 12210 | Lair:2   | Noticed an elephant
 12218 | Lair:2   | Noticed an elephant
 12227 | Lair:2   | Noticed an elephant
 12232 | Lair:2   | Killed an elephant
 12235 | Lair:2   | Killed an elephant
 12241 | Lair:2   | Killed an elephant
 12242 | Lair:2   | Killed an elephant
 12243 | Lair:2   | Reached skill level 10 in Dodging
 12243 | Lair:2   | Reached XP level 12. HP: 35/95 MP: 0/0
 12723 | Lair:2   | Found a white marble altar of Elyvilon.
 12799 | Lair:2   | Found a staircase to the Snake Pit.
 13604 | Lair:3   | Identified the +3 ring mail of the Iron Devil {Fly rC+++
                  | Str-5 Int-3}
 13650 | Lair:3   | Reached skill level 5 in Long Blades
 13678 | Lair:3   | Noticed a four-headed hydra
 13684 | Lair:3   | Reached **** piety under Ashenzari
 13690 | Lair:3   | Killed a five-headed hydra
 13865 | Lair:3   | Identified the +2 pair of gloves "Ykoteug" {Dex+6}
 14017 | Lair:3   | Found a staircase to the Shoals.
 14680 | Lair:4   | Reached XP level 13. HP: 95/106 MP: 0/0
 14680 | Lair:4   | Learned a level 5 spell: Lee's Rapid Deconstruction
 14967 | Lair:4   | Reached skill level 1 in Armour
 15072 | Lair:4   | Reached skill level 10 in Spellcasting
 15072 | Lair:4   | Reached skill level 10 in Conjurations
 15072 | Lair:4   | Reached skill level 10 in Hexes
 15072 | Lair:4   | Reached skill level 10 in Summonings
 15072 | Lair:4   | Reached skill level 10 in Necromancy
 15072 | Lair:4   | Reached skill level 10 in Translocations
 15072 | Lair:4   | Reached skill level 10 in Fire Magic
 15072 | Lair:4   | Reached skill level 10 in Ice Magic
 15072 | Lair:4   | Reached skill level 10 in Air Magic
 15072 | Lair:4   | Reached skill level 10 in Earth Magic
 15072 | Lair:4   | Reached skill level 10 in Alchemy
 15295 | Lair:4   | Noticed a six-headed hydra
 15306 | Lair:4   | Killed a seven-headed hydra
 15911 | Lair:4   | Reached ***** piety under Ashenzari
 16489 | D:9      | Reached skill level 1 in Shields
 16600 | D:9      | Identified the +0 leather armour "Atzyklod" {rN+ Dex+4}
 16832 | D:9      | Found Qogh's Book Emporium.
 17185 | D:9      | Noticed Maggie
 17192 | D:9      | Noticed Joseph
 17197 | D:9      | Killed Joseph
 17201 | D:9      | Killed Maggie
 17356 | D:10     | Entered Level 10 of the Dungeon
 17481 | D:10     | Found a staircase to the Orcish Mines.
 17971 | D:10     | Found a burning altar of Makhleb.
 17971 | D:10     | Found an iron altar of Okawaru.
 17978 | D:10     | Found a blossoming altar of Fedhas.
 17980 | D:10     | Found a snail-covered altar of Cheibriados.
 17982 | D:10     | Found a hazy altar of Hepliaklqana.
 18290 | Lair:5   | Entered Level 5 of the Lair of Beasts
 18309 | Lair:5   | Found a gate leading to a gauntlet.
 18318 | Gauntlet | Entered a Gauntlet
 18318 | Gauntlet | Found a transporter.
 18318 | Gauntlet | Found a transporter.
 18322 | Gauntlet | Found a transporter.
 18323 | Gauntlet | Found a transporter.
 18324 | Gauntlet | Found a large runed translucent door.
 18325 | Gauntlet | Found a large runed translucent door.
 18326 | Gauntlet | Found a large runed translucent door.
 18326 | Gauntlet | Found a large runed translucent door.
 18326 | Gauntlet | Found a runed translucent door.
 18327 | Gauntlet | Found a runed translucent door.
 18327 | Gauntlet | Found a large runed translucent door.
 18328 | Gauntlet | Found a large runed translucent door.
 18328 | Gauntlet | Found a large runed translucent door.
 18328 | Gauntlet | Found a large runed translucent door.
 18328 | Gauntlet | Found a large runed translucent door.
 18328 | Gauntlet | Found a large runed translucent door.
 18329 | Gauntlet | Found a large runed translucent door.
 18330 | Gauntlet | Found a large runed translucent door.
 18331 | Gauntlet | Found a transporter.
 18344 | Gauntlet | Found a large runed translucent door.
 18344 | Gauntlet | Found a large runed translucent door.
 18344 | Gauntlet | Found a large runed translucent door.
 18344 | Gauntlet | Found a large runed translucent door.
 18347 | Gauntlet | Found a runed translucent gate.
 18347 | Gauntlet | Found a runed translucent gate.
 18347 | Gauntlet | Found a runed translucent gate.
 18349 | Gauntlet | Found a transporter.
 18356 | Gauntlet | Found a transporter.
 18357 | Gauntlet | Identified the +0 hat "Meoremer" {Stlth+}
 18359 | Gauntlet | Found a transporter.
 18362 | Gauntlet | Found a transporter.
 18403 | Gauntlet | Found a transporter.
 18410 | Gauntlet | Found a transporter.
 18439 | Gauntlet | Found a transporter.
 18487 | Gauntlet | Found a transporter.
 18503 | Gauntlet | Found a transporter.
 18621 | Gauntlet | Found a transporter.
 18637 | Gauntlet | Found a transporter.
 18642 | Gauntlet | Identified the +1 pair of boots "Foiprodd" {Slay+2}
 19161 | Gauntlet | Noticed a minotaur
 19173 | Gauntlet | Killed a minotaur
 19174 | Gauntlet | Reached XP level 14. HP: 32/117 MP: 0/0
 19401 | Gauntlet | Identified the +7 falchion of the Final Decision {speed,
                  | *Corrode rC++ Dex+5}
 19863 | Lair:5   | Reached skill level 5 in Armour
 19989 | Lair:5   | Found a snail-covered altar of Cheibriados.
 20723 | Lair:5   | Found a staircase to the Slime Pits.
 21549 | Lair:5   | Identified Sif Muna's Anthology of Ceraunoscopy and the
                  | Snowflakes
 21969 | Orc:1    | Entered Level 1 of the Orcish Mines
 23534 | Orc:2    | Entered Level 2 of the Orcish Mines
 24150 | Orc:2    | Found a staircase to the Elven Halls.
 24332 | Orc:2    | Reached XP level 15. HP: 114/129 MP: 0/0
 24332 | Orc:2    | Learned a level 6 spell: Summon Cactus Giant
 24459 | Orc:2    | Found Buhezuaf's Antique Armour Boutique.
 24545 | Orc:2    | Reached skill level 10 in Long Blades
 24595 | Orc:2    | Found Xaabia's Book Shop.
 24631 | Orc:2    | Reached ****** piety under Ashenzari
 24636 | Orc:2    | Found Vuqaj's Magic Scroll Boutique.
 24683 | Orc:2    | Bought a scroll of blinking for 97 gold pieces
 24683 | Orc:2    | Bought a scroll of teleportation for 39 gold pieces
 24683 | Orc:2    | Bought a scroll of teleportation for 39 gold pieces
 24683 | Orc:2    | Bought a scroll of teleportation for 39 gold pieces
 27325 | D:12     | Found Ukogheo's Hallowed Reliquary.
 27326 | D:12     | Noticed an angel
 27332 | D:12     | Bought a potion of heal wounds for 55 gold pieces
 27332 | D:12     | Bought 2 potions of heal wounds for 110 gold pieces
 27332 | D:12     | Bought 2 potions of heal wounds for 110 gold pieces
 27332 | D:12     | Bought a potion of heal wounds for 55 gold pieces
 27332 | D:12     | Bought a potion of heal wounds for 55 gold pieces
 27332 | D:12     | Bought a potion of curing for 33 gold pieces
 27332 | D:12     | Bought a potion of heal wounds for 55 gold pieces
 27582 | D:13     | Found a portal to a secret trove of treasure.
 27728 | D:13     | Found a hide-covered altar of Uskayaw.
 27888 | D:13     | Found a gate to the Vaults.
 27900 | D:13     | Reached XP level 16. HP: 123/140 MP: 0/0
 28111 | D:13     | Found Cuecy's Armour Shoppe.
 28350 | D:13     | Identified the +8 spear of the Eel {venom, ^Fragile +Blink
                  | rN+++ Dex-3}
 29167 | D:14     | Noticed Frances
 29188 | D:14     | Killed Frances
 29372 | D:14     | Found Vefim's Magic Scroll Boutique.
 29379 | D:14     | Bought a scroll of fear for 60 gold pieces
 29379 | D:14     | Bought a scroll of teleportation for 45 gold pieces
 29379 | D:14     | Bought a scroll of revelation for 112 gold pieces
 29379 | D:14     | Bought a scroll of enchant armour for 112 gold pieces
 29755 | D:14     | Reached skill level 15 in Fighting
 30168 | D:15     | Entered Level 15 of the Dungeon
 30643 | D:15     | Found Cieluat's Distillery.
 31425 | D:15     | Found a staircase to the Depths.
 31425 | D:15     | Noticed a frost giant
 31449 | D:15     | Killed a frost giant
 31812 | Snake:1  | Entered Level 1 of the Snake Pit
 31861 | Snake:1  | Noticed Rupert
 31871 | Snake:1  | Killed Rupert
 32314 | Snake:1  | Noticed Mlioglotl
 32332 | Snake:1  | Killed Mlioglotl
 32469 | Snake:1  | Noticed Asterion
 32496 | Snake:1  | Noticed an Executioner
 32499 | Snake:1  | Killed Asterion
 32917 | Snake:2  | Reached XP level 17. HP: 116/151 MP: 0/0
 32917 | Snake:2  | Learned a level 6 spell: Death Channel
 33119 | Orc:2    | Bought a twisted scale mail for 144 gold pieces
 33119 | Orc:2    | Identified the +0 scale mail of Day {rElec rC- Regen+ Dex+4
                  | Stlth+} (You bought it in a shop on level 2 of the Orcish
                  | Mines)
 33371 | Snake:2  | Found Inuo's Book Shoppe.
 33415 | Snake:2  | Found Lumoggy's Distillery.
 33415 | Snake:2  | Found Jucrich's Assorted Antiques.
 33446 | Snake:2  | Found Ulyscheg's Book Emporium.
 33497 | Snake:2  | Found Wobeih Qiox's Weapon Emporium.
 34095 | Snake:2  | Noticed Agnes
 34099 | Snake:2  | Killed Agnes
 34100 | Snake:2  | Reached skill level 10 in Armour
 34112 | Snake:2  | Noticed Vashnia
 34121 | Snake:2  | Killed Vashnia
 36238 | Depths:1 | Entered Level 1 of the Depths
 36277 | Depths:1 | Noticed Sojobo
 36277 | Depths:1 | Noticed a tengu reaver
 36277 | Depths:1 | Noticed a tengu reaver
 36291 | Depths:1 | Paralysed by an air elemental for 1 turns
 36735 | Shoals:1 | Entered Level 1 of the Shoals
 36813 | Shoals:1 | Reached skill level 5 in Shields
 37247 | Shoals:1 | Reached skill level 15 in Spellcasting
 37247 | Shoals:1 | Reached skill level 15 in Conjurations
 37247 | Shoals:1 | Reached skill level 15 in Hexes
 37247 | Shoals:1 | Reached skill level 15 in Summonings
 37247 | Shoals:1 | Reached skill level 15 in Necromancy
 37247 | Shoals:1 | Reached skill level 15 in Translocations
 37247 | Shoals:1 | Reached skill level 15 in Fire Magic
 37247 | Shoals:1 | Reached skill level 15 in Ice Magic
 37247 | Shoals:1 | Reached skill level 15 in Air Magic
 37247 | Shoals:1 | Reached skill level 15 in Earth Magic
 37247 | Shoals:1 | Reached skill level 15 in Alchemy
 37576 | Shoals:2 | Noticed Louise
 37614 | Shoals:2 | Noticed Polyphemus
 37769 | Shoals:2 | Reached XP level 18. HP: 61/158 MP: 0/0
 37851 | Shoals:2 | Found Baenetemerch's Antique Weapon Shop.
 37988 | Shoals:2 | Found a runed translucent door.
 37988 | Shoals:2 | Noticed royokou's ghost (adept GrEE)
 37988 | Shoals:2 | Found the +8 demon trident "Rift" {distort, reach+}
 38245 | Shoals:2 | Noticed Roxanne
 38248 | Shoals:2 | Killed Roxanne
 38283 | Shoals:2 | Killed Louise
 38656 | Shoals:2 | Killed Polyphemus
 38911 | Shoals:3 | Found Dyrch's Book Shop.
 39353 | Shoals:3 | Identified the +4 trident of Summertime {heavy, rElec
                  | Str+3}
 39403 | Shoals:3 | Noticed a kraken
 40141 | D:13     | Bought a +1 ring mail of cold resistance for 192 gold
                  | pieces
 40148 | D:13     | Acquired a +1 double sword of flaming
 40393 | Snake:4  | Entered Level 4 of the Snake Pit
 40758 | Snake:4  | Found Hinewk's Armour Shoppe.
 41331 | Snake:4  | Reached XP level 19. HP: 157/162 MP: 0/0
 41331 | Snake:4  | Learned a level 7 spell: Ozocubu's Refrigeration
 42230 | Snake:4  | Got a serpentine rune of Zot
 42732 | Snake:2  | Bought an ichor-stained plate armour for 644 gold pieces
 42732 | Snake:2  | Identified the +2 plate armour of Day {rF+ rC+ Str+4
                  | Slay+5} (You bought it in a shop on level 2 of the Snake
                  | Pit)
 42870 | Shoals:4 | Entered Level 4 of the Shoals
 43015 | Shoals:4 | Noticed Ilsuiw
 43025 | Shoals:4 | Identified the +2 pair of gloves of the Dolphin {rN+ Will-
                  | Str+4 Stlth+}
 43025 | Shoals:4 | Noticed Nikola
 43328 | Shoals:4 | Got a barnacled rune of Zot
 43473 | Shoals:3 | Upgraded the game from 0.31.0-9-g3a7656b989 to
                  | 0.31.0-10-gcf4a605ca0
 43507 | Shoals:4 | Reached XP level 20. HP: 124/175 MP: 0/0
 44052 | Vaults:1 | Entered Level 1 of the Vaults
 44195 | Vaults:1 | Killed from afar by an ironbound thunderhulk

Illustrated notes

Levels and vault maps discovered:
D:1:      dpeg_arrival_three_bigger_balls, layout_basic, basic_ecumenical_altar,
          grunt_decor_cap, hangedman_abyss_or_decor_stabs, minmay_pentomino_t4
D:2:      cheibrodos_greedy_goblins, layout_loops_ring, nicolae_eternal_life
D:3:      minmay_general_purpose_star, layout_basic,
          nicolae_sif_muna_condensation, uniq_natasha
D:4:      layout_basic, gammafunk_ghost_cemetery, guppyfry_early_lair_pool,
          uniq_robin, uniq_blork_the_orc
D:5:      layout_cave_pods
D:6:      layout_basic, minmay_temple_entry_stoned_glass, ebering_ghost_sewer_d
D:7:      layout_basic, mainiacjoe_overflow_paths
D:8:      layout_basic, nemelex_diamond_rough_becter, david_lair_generic
D:9:      layout_basic, serial_shops, nicolae_shop_tiny_statue_garden,
          nzn_life_drinkers, uniq_joseph, uniq_maggie
D:10:     layout_irregular_city, chequers_temple_overflow_minitemple,
          minmay_orc_entry_temple_small
D:11:     layout_basic, serial_undead, serial_undead_a, serial_undead_c,
          serial_undead_c, serial_undead_d
D:12:     layout_loops_ring, nicolae_good_shop
D:13:     layout_basic, grunt_vaults_entry_tiered,
          nicolae_trove_entry_crossroad, serial_shops, shop, minivault_10,
          eat_drink_and_be_merry_uskayaw
D:14:     layout_basic, serial_shops, shop, uniq_frances
D:15:     grunt_enter_depths_snipers, layout_basic, serial_shops, shop,
          serial_park_tiny_pond
Temple:   eino_narrow_crystal_temple
Lair:1:   layout_layer_cave, lemuel_fruit_tree, uniq_jeremiah, uniq_harold
Lair:2:   layout_roguey, minmay_snake_entry_guardpost_small, basic_altar
Lair:3:   layout_regular_city, elwin_shoals_entry_rooms, wad_woods_03
Lair:4:   layout_gridlike, serial_bayou_shore_a
Lair:5:   evilmike_catoblepas_cave, layout_regular_city,
          dpeg_slime_entry_enclosed, gauntlet_entry_generic,
          nicolae_lair_grove_arrangements, kennysheep_snail_temple,
          grunt_megastairs_5
Shoals:1: layout_shoals, hangedman_shoal_volcano
Shoals:2: layout_shoals, serial_shops, nicolae_shop_back_alley_shop,
          gammafunk_ghost_grave, uniq_polyphemus, uniq_louise, uniq_roxanne
Shoals:3: layout_shoals, serial_shops, shop
Shoals:4: shoals_end_simple, layout_shoals, shoal_ilsuiw, uniq_nikola
Snake:1:  layout_honeycomb, nicolae_integral_box, uniq_asterion, uniq_mlioglotl,
          uniq_rupert
Snake:2:  layout_gridlike, serial_shops, shop, minmay_shoptagon, uniq_vashnia,
          uniq_agnes
Snake:3:  layout_basic, nicolae_snake_flat_spine, drop_trap
Snake:4:  grunt_snake_rune_pools, layout_basic, serial_shops,
          nicolae_shop_statue_plus, hangedman_snake_corridor_split
Orc:1:    dreamdust_under_siege, layout_caves, regret_index_minedec_devilstone
Orc:2:    st_orc_town, layout_caves, minmay_orc_keep
Vaults:1: hangedman_vaults_stitches, nicolae_vaults_double_plus_1, v_misc_19,
          nicolae_vaults_stand_back, vaults_dpeg_encased_lava,
          hangedman_vaults_slice, nicolae_vaults_double_plus_1,
          vaults_room_corners, vaults_mumra_hex, nicolae_vaults_rhombus_7,
          hangedman_vaults_capsules, v_misc_1, nicolae_vaults_tetromino_T_2,
          nicolae_vaults_tetromino_Z_2, nicolae_vaults_trapezoid_4,
          layout_vaults_ring, serial_shops, shop, uniq_saint_roka
Depths:1: layout_gridville, hell_entry, serial_shops, nicolae_shop_crystal,
          minmay_misc_feat_secret_circle, nicolae_qazlal_style_of_elements,
          uniq_sojobo

Skill      XL: |  1  2  3  4  5  6  7  8  9 10 11 12 13 14 15 16 17 18 19 |
---------------+----------------------------------------------------------+-----
Spellcasting   | 4 5 6 7 8 9 10 11 13 14 15 16 17 | 17.9
Conjurations   | 4 5 6 7 8 9 10 11 13 14 15 16 17 | 17.9
Hexes          | 4 5 6 7 8 9 10 11 13 14 15 16 17 | 17.9
Summonings     | 4 5 6 7 8 9 10 11 13 14 15 16 17 | 17.9
Necromancy     | 4 5 6 7 8 9 10 11 13 14 15 16 17 | 17.9
Translocations | 4 5 6 7 8 9 10 11 13 14 15 16 17 | 17.9
Fire Magic     | 4 5 6 7 8 9 10 11 13 14 15 16 17 | 17.9
Ice Magic      | 4 5 6 7 8 9 10 11 13 14 15 16 17 | 17.9
Air Magic      | 4 5 6 7 8 9 10 11 13 14 15 16 17 | 17.9
Earth Magic    | 4 5 6 7 8 9 10 11 13 14 15 16 17 | 17.9
Alchemy        | 4 5 6 7 8 9 10 11 13 14 15 16 17 | 17.9
Fighting       | 1 2 4 6 8 9 10 11 12 14 15 16 | 16.7
Dodging        | 3 4 5 6 8 10 11 | 11.2
Long Blades    | 3 6 8 9 10 11 | 11.4
Armour         | 4 6 9 11 12 | 12.6
Shields        | 3 5 7 |  7.0
Stealth        | |  1.5

Action                     |  1- 3 |  4- 6 |  7- 9 | 10-12 | 13-15 | 16-18 | 19-21 || total
---------------------------+-------+-------+-------+-------+-------+-------+-------++-------
  Melee: Unarmed           |    13 |       |       |       |       |       |       ||    13
         Dagger            |    21 |    93 |    72 |     8 |       |       |       ||   194
         Punch             |       |     1 |     1 |     1 |     3 |       |       ||     6
         Falchion          |       |       |       |    75 |   337 |   333 |   217 ||   962
   Cast: Freeze            |    45 |    64 |    41 |     4 |       |       |       ||   154
         Frozen Ramparts   |       |     5 |    38 |    48 |    98 |    57 |    25 ||   271
         Summon Ice Beast  |       |     2 |    19 |    41 |    79 |    80 |    24 ||   245
         Call Canine Famil |       |       |    13 |    22 |    54 |    53 |    15 ||   157
         Ozocubu's Armour  |       |       |     1 |     2 |     2 |     1 |     5 ||    11
         Summon Blazeheart |       |       |     7 |     5 |     3 |     2 |       ||    17
         Lee's Rapid Decon |       |       |       |       |    38 |    17 |     3 ||    58
         Curse of Agony    |       |       |       |       |     1 |       |       ||     1
         Summon Cactus Gia |       |       |       |       |    30 |   121 |    36 ||   187
         Death Channel     |       |       |       |       |       |    27 |    12 ||    39
 Invoke: Curse Item        |       |       |     1 |     6 |     5 |     1 |     1 ||    14
         Shatter the Chain |       |       |       |     1 |     2 |     2 |       ||     5
    Use: Scroll            |       |       |     8 |     8 |     3 |     6 |     1 ||    26
         Potion            |       |       |       |     1 |     2 |     2 |     2 ||     7
   Stab: Sleeping          |     5 |     3 |     5 |     1 |     3 |     4 |       ||    21
         Distracted        |       |       |       |     1 |     3 |     8 |     1 ||    13
         Held in net/web   |       |       |       |       |       |       |     1 ||     1
 Armour: Robe              |    45 |    51 |   125 |    96 |   206 |   196 |       ||   719
         Ring mail         |       |       |       |       |       |    58 |    96 ||   154
         Plate armour      |       |       |       |       |       |       |   237 ||   237
  Dodge: Dodged            |    49 |    66 |    98 |   117 |   287 |   336 |   153 ||  1106
  Block: Buckler           |       |       |       |    26 |   111 |   173 |   145 ||   455
         Reflection        |       |       |       |       |     8 |    30 |     5 ||    43
